 Dungeon Crawl Stone Soup version 0.30-a0-618-gd6c86c23d0 (webtiles) character file.

Game seed: 11534184042446293291

4 tilp the Covered (level 2, -3/26 HPs)
             Began as a Meteoran Fighter on Jan 9, 2023.
             Slain by Terence
             ... wielding a +2 flail of protection
              (12 damage)
             ... on level 2 of the Dungeon.
             The game lasted 00:00:36 (101 turns).

tilp the Covered (Meteoran Fighter)                  Turns: 101, Time: 00:00:36

Health: -3/26      AC:  7    Str: 17    XL:     2   Next: 0%
Magic:  3/3        EV:  9    Int:  9    God:
Gold:   16         SH:  5    Dex: 13    Spells: 1/1 levels left

rFire   . . .      SeeInvis .    a - +0 long sword
rCold   . . .      Faith    .    c - +0 buckler
rNeg    . . .      Spirit   .    b - +0 scale mail
rPois   .          Reflect  .    (no helmet)
rElec   .          Harm     .    (no cloak)
rCorr   .          Rampage  .    (no gloves)
Will    .....                    (no boots) Stlth
                                 (no amulet)
HPRegen 0.24/turn                (no ring)
MPRegen 0.08/turn                (no ring)

@: glowing
A: sense surroundings 1, otherworldly, glowing, explore regen
a: no special abilities


You were on level 2 of the Dungeon.
You visited 1 branch of the dungeon, and saw 2 of its levels.

You collected 16 gold pieces.

Inventory:

Hand Weapons
 a - a +0 long sword (weapon)
Armour
 b - a +0 scale mail (worn)
 c - a +0 buckler (worn)


   Skills:
 + Level 3.3 Fighting
 + Level 2.4 Long Blades
 + Level 3.7 Armour
 * Level 0.4 Dodging
 + Level 0.2 Stealth
 + Level 3.7 Shields


You had one spell level left.
You didn't know any spells.
Your spell library was empty.

Dungeon Overview and Level Annotations

Branches:
Dungeon (2/15) Zot: 1091

Altars:

Annotations:
D:2 Terence


Innate Abilities, Weirdness & Mutations

You passively map a small area around you.
You are easily found by Zot.
You glow in the dark.
You regain HP and MP as you explore.


Message History

The ball python constricts you. The ball python barely misses you.
The ball python constricts you.
You closely miss the ball python. The ball python bites you.
The ball python constricts you.
You hit the ball python but do no damage.
The ball python bites you but does no damage.
The ball python constricts you.
The ball python bites you but does no damage.
The ball python constricts you.
You hit the ball python.
The ball python is severely wounded.
The ball python bites you but does no damage.
The ball python constricts you.
The ball python bites you but does no damage.
The ball python constricts you.
You slash the ball python!
You kill the ball python!
You have reached level 2!
There is a stone staircase leading down here.
You climb downwards.
HP restored.
Terence shouts!
Found a wand of quicksilver (8) and 5 stones.
There is a stone staircase leading up here.
Unknown command.
You hit Terence.
Terence is moderately wounded.
Terence hits you with a +2 flail of protection.
You feel very mighty all of a sudden.
Terence zaps a wand.
The bolt of dispelling energy hits you!
Your magical effects are unravelling.
Ouch! That really hurt!
* * * LOW HITPOINT WARNING * * *
You are too injured to fight recklessly!
You are too injured to fight recklessly!
Unknown command.
You hit Terence but do no damage.
Terence is moderately wounded.
You feel a little less mighty now.
Terence hits you with a +2 flail of protection!
You die...

, * , * # *
** * * * #.
,, ,
###.#.######
, ,
(.....@./..#
, , , #@# ,*
* ,* ### , ,
* * *, ,, ,
* *, * * , *
* , , * * ,
**** * , * ,
* * *, * *


You could see Terence.

Vanquished Creatures
  2 bats (D:1)
  A hobgoblin (D:1)
  A ball python (D:1)
  A rat (D:1)
5 creatures vanquished.

Notes
Turn   | Place    | Note
-------+----------+-------------------------------------------
     0 | D:1      | tilp the Meteoran Fighter began the quest for the Orb.
     0 | D:1      | Reached XP level 1. HP: 19/19 MP: 2/2
    91 | D:1      | Reached XP level 2. HP: 23/26 MP: 3/3
    98 | D:2      | Noticed Terence
   101 | D:2      | Slain by Terence

Illustrated notes

Levels and vault maps discovered:
D:1:      dpeg_arrival_shelter, layout_loops_cross, serial_shops, shop
D:2:      layout_basic, shapermc_ecumenical_altar_starsandcircs, serial_bayou,
          serial_bayou_shore_a, serial_bayou_shore_b, serial_bayou_ford_a,
          serial_bayou_shore_b, minmay_misc_feat_more_columns, nrook_uturn,
          uniq_robin, uniq_terence

Action                   || total
-------------------------++-------
Melee: Long sword        ||    19
  Use: Potion            ||     1
Armor: Scale mail        ||    13
Dodge: Dodged            ||    10
Block: Buckler           ||     4

Table legend: (Time is in decaauts)
 A = Elapsed time spent in this place.
 B = Non-inter-level travel time spent in this place.
 C = Inter-level travel time spent in this place.
 D = Time resting spent in this place.
 E = Time spent auto-exploring this place.
 F = Levels seen in this place.
 G = Mean time per level.
                   A        B        C        D        E       F      G
               +--------+--------+--------+--------+--------+-----+--------+
         Total |    106 |    106 |      0 |      0 |      0 |   2 |   53.0 |
       Dungeon |    106 |    106 |      0 |      0 |      0 |   2 |   53.0 |
               +--------+--------+--------+--------+--------+-----+--------+

Top non-repeatable levels by time:
     D:1: 103 daAuts
     D:2: 3 daAuts
